[Event "*** SCC Grand Prix: Titled Tuesday Blitz"]
[Site "Chess.com"]
[Date "2020.08.04"]
[Round "1"]
[White "ketster"]
[Black "abykhovsky"]
[Result "0-1"]
[WhiteElo "2385"]
[BlackElo "2758"]
[TimeControl "180+1"]
[EndTime "13:51:57 PDT"]
[Termination "abykhovsky won on time"]

1. d4 Nf6 2. c4 c5 3. d5 b5 4. Nd2 b4 5. e4 d6 6. Bd3 g6 7. Ngf3 Bg7 8. O-O O-O 9. Rb1 a5 10.
Qe2 a4 11. e5 Nh5 12. Ne4 dxe5 13. Nxc5 Qc7 14. Be3 f5 15. Ng5 Rf6 16. Nce6 Bxe6 17. Nxe6 Rxe6 18. dxe6 Nc6 19. f3 Nf4 20. Bxf4 exf4 21.
Rfd1 Bd4+ 22. Kh1 Be3 23. Qe1 Ra5 24. Qh4 Re5 25. Bc2 Rxe6 26. Bxa4 Nd4 27. Bb3 Kg7 28. c5 Rc6 29. Re1 e5 30. Rbd1 Rxc5 31. Qg5 h6 32. Qh4 Rc6 33. h3 Rd6 34. Rf1 g5 35. Qe1 Qb6 36.
Rd3 Qb5 37. Qd1 h5 38. Ba4 Qa6 39. Bb3 g4 40. fxg4 hxg4 41. Rxe3 fxe3 42. hxg4 e2 0-1

[Event "*** SCC Grand Prix: Titled Tuesday Blitz"]
[Site "Chess.com"]
[Date "2020.08.04"]
[Round "1"]
[White "aliba25"]
[Black "andy_rekt"]
[Result "1-0"]
[WhiteElo "2557"]
[BlackElo "2217"]
[TimeControl "180+1"]
[EndTime "13:51:59 PDT"]
[Termination "aliba25 won on time"]

1. Nf3 e6 2. c4 c5 3. Nc3 Nc6 4. g3 Nf6 5. Bg2 d5 6. cxd5 exd5 7. d4 cxd4 8. Nxd4 Bc5 9. Nb3 Bb4 10. O-O Bxc3 11. bxc3 O-O 12. Bg5 h6 13. Be3 Na5 14. Nxa5 Qxa5 15. Bd4 Nd7 16. Qb3 Nb6 17. Bxb6 axb6 18.
Bxd5 Bh3 19. Rfd1 Qc5 20. e3 Ra3 21. Bxf7+ Kh8 22. Qc4 Qf5 23. Bd5 Qxf2+ 24. Kh1 Rf6 25. Qe4 Ra8 26. Bc4 Raf8 27. Bd3 g6 28. Bc4 Rf3 29.
Rg1 Qe2 30. Bxe2 1-0

[Event "*** SCC Grand Prix: Titled Tuesday Blitz"]
[Site "Chess.com"]
[Date "2020.08.04"]
[Round "1"]
[White "Fortitudine"]
[Black "Goryachkina"]
[Result "0-1"]
[WhiteElo "2256"]
[BlackElo "2586"]
[TimeControl "180+1"]
[EndTime "13:52:00 PDT"]
[Termination "Goryachkina won by checkmate"]

1. d4 d5 2. Nc3 Bf5 3. e3 e6 4. Bd3 Bg6 5. Nge2 Nf6 6. Nf4 Bxd3 7. Qxd3 Bd6 8. Nfe2 O-O 9. O-O c5 10. e4 c4 11. Qf3 dxe4 12. Nxe4 Nxe4 13. Qxe4 Nc6 14. c3 Qc7 15. Bf4 Rad8 16. Bxd6 Rxd6 17. Ng3 Ne7 18. Rae1 b5 19. a3 Rd5 20. Ne2 Ng6 21.
g3 a5 22. f4 Ne7 23. Kg2 h6 24. Ng1 b4 25. axb4 axb4 26. Nf3 Rb8 27. Rf2 Qa5 28.
Rc1 Nc6 29. Nd2 Qb5 30. Qe2 Na5 31. Rf3 Rdd8 32. Qe5 Qb6 33. Qe2 bxc3 34. bxc3 Nb3 35. Rc2 Nxd2 36. Qxd2 Qc6 37. Kf2 Rb3 38. Qe2 Rdb8 39. h4 Rb1 40. Qe5 Rf1+ 41. Kxf1 Qxf3+ 42. Ke1 Rb1+ 43. Kd2 Rd1# 0-1

[Event "*** SCC Grand Prix: Titled Tuesday Blitz"]
[Site "Chess.com"]
[Date "2020.08.04"]
[Round "1"]
[White "chessvr"]
[Black "Machidon"]
[Result "0-1"]
[WhiteElo "2099"]
[BlackElo "2513"]
[TimeControl "180+1"]
[EndTime "13:52:03 PDT"]
[Termination "Machidon won by checkmate"]

1. e4 c6 2. d4 d5 3. exd5 cxd5 4. c4 Nf6 5. Nc3 e6 6. Nf3 Be7 7. Bd3 O-O 8. O-O dxc4 9. Bxc4 Nc6 10. Bg5 b6 11. a3 Bb7 12. Ba2 Rc8 13. Qd2 Na5 14. Rad1 Bxf3 15. gxf3 Nd5 16. Bxe7 Nxe7 17. Qe2 Ng6 18. Qe4 Qf6 19. Kh1 Nc4 20. Bxc4 Rxc4 21. Qd3 Rfc8 22. Ne4 Qh4 23. d5 Nf4 24. Qd2 Nxd5 25.
Nd6 Rc2 26. Qd4 Qxd4 27. Rxd4 R8c6 28. Ne4 Rxb2 29. f4 g6 30. f5 gxf5 31. Rg1+ Kf8 32. Ng5 h6 33. Nh7+ Ke7 34. Rh4 Rxf2 35. Rxh6 Rcc2 36.
Ng5 Ne3 37. Rh7 Ng4 38. Re1 Rxh2+ 39. Rxh2 Rxh2+ 40. Kg1 Ra2 41. Nf3 Rxa3 42. Nd4 Kf6 43. Nc6 Ne5 44. Nxe5 b5 45. Nd7+ Ke7 46. Nc5 b4 47.
Rb1 a5 48. Nb3 a4 49. Nd4 b3 50. Nc6+ Kd6 51. Nb4 Kc5 52. Nd3+ Kd4 53. Nf4 Ra2 54.
Ne2+ Rxe2 55. Rd1+ Kc3 56. Rc1+ Rc2 57. Rb1 b2 58.
Ra1 bxa1=Q# 0-1

[Event "*** SCC Grand Prix: Titled Tuesday Blitz"]
[Site "Chess.com"]
[Date "2020.08.04"]
[Round "1"]
[White "ChessSwole"]
[Black "bascheyaro"]
[Result "0-1"]
[WhiteElo "2343"]
[BlackElo "2709"]
[TimeControl "180+1"]
[EndTime "13:52:04 PDT"]
[Termination "bascheyaro won on time"]

1. b3 e5 2. Bb2 Nc6 3. e3 g6 4.
Nf3 Bg7 5. d4 exd4 6. Nxd4 Nxd4 7.
Bxd4 Bxd4 8. Qxd4 Qf6 9. Qxf6 Nxf6 10. Be2 d5 11. O-O Bf5 12. c4 Bxb1 13. Raxb1 O-O-O 14. Rfd1 c6 15. Rd4 dxc4 16. Rxc4 Nd5 17. g3 f5 18. Rd1 Nf6 19. b4 Rxd1+ 20. Bxd1 Rd8 21. Bf3 Kb8 22. a4 a6 23. b5 axb5 24. axb5 cxb5 25. Rb4 b6 26. Rxb5 Kc7 27. h3 Rb8 28. g4 fxg4 29.
hxg4 Kd6 30. Kg2 Nd7 31. Be2 Kc6 32. f4 Nf6 33. Kf3 Nd5 34. Rb3 b5 35. e4 Nc7 36.
f5 b4 37. Kf4 Kc5 38. Kg5 Kd4 39. fxg6 Ne6+ 40. Kf6 Nc5 41. Rb1 Nxe4+ 42. Kg7 hxg6 43. Kxg6 Nc3 44. Re1 Re8 45. g5 Rxe2 46. Rg1 b3 47.
Kh7 Rh2+ 48. Kg8 b2 49. g6 Rg2 50. Rxg2 b1=Q 51. g7 Ne4 52. Kf7 Qf1+ 0-1

[Event "*** SCC Grand Prix: Titled Tuesday Blitz"]
[Site "Chess.com"]
[Date "2020.08.04"]
[Round "1"]
[White "Joshukid"]
[Black "Fischerev7"]
[Result "1-0"]
[WhiteElo "2722"]
[BlackElo "2359"]
[TimeControl "180+1"]
[EndTime "13:52:05 PDT"]
[Termination "Joshukid won by resignation"]

1. e4 c5 2. Nf3 d6 3. Bb5+ Nd7 4.
a4 a6 5. Be2 Ngf6 6. Nc3 g6 7.
O-O Bg7 8. a5 O-O 9. d4 cxd4 10.
Nxd4 Nc5 11. f3 Ne6 12. Be3 Bd7 13. Nxe6 Bxe6 14. Na4 Nd7 15. c3 Rc8 16. Qd2 Qc7 17. h4 h5 18. Nb6 Nxb6 19. Bxb6 Qc6 20. Rac1 d5 21. exd5 Bxd5 22. c4 Be6 23. b4 Kh7 24. Rfd1 Bh6 25. f4 Bg4 26. Bxg4 hxg4 27. g3 e5 28. Qd3 exf4 29. b5 Qf6 30. bxa6 bxa6 31.
c5 fxg3 32. Rc2 Qxh4 33. c6 Rce8 34. c7 Re3 35. Bxe3 Bxe3+ 36. Qxe3 1-0

[Event "*** SCC Grand Prix: Titled Tuesday Blitz"]
[Site "Chess.com"]
[Date "2020.08.04"]
[Round "1"]
[White "peixe64"]
[Black "ftorodent"]
[Result "0-1"]
[WhiteElo "2304"]
[BlackElo "2663"]
[TimeControl "180+1"]
[EndTime "13:52:05 PDT"]
[Termination "ftorodent won on time"]

1. e4 c5 2. Nf3 e6 3. d4 cxd4 4. Nxd4 a6 5. Bd3 Bc5 6. Nb3 Be7 7.
c4 d6 8. Nc3 Nf6 9. O-O O-O 10.
Be3 Nbd7 11. f3 b6 12. Rc1 Bb7 13. Qd2 Rc8 14. Qf2 Qc7 15. Rfd1 Rfe8 16. Bf1 Nc5 17. Nd4 Qb8 18. b4 Ncd7 19. Nb3 d5 20. exd5 Bxb4 21.
dxe6 Rxe6 22. Nd5 Rce8 23. Bf4 Bd6 24. Nxf6+ Nxf6 25. Rxd6 Rxd6 26. Qg3 Red8 27. Rd1 Nh5 28. Bxd6 Nxg3 29. Bxb8 Rxd1 30. Bxg3 a5 31. a4 Bc6 32.
Be5 Bxa4 33. Nd4 f6 34. c5 bxc5 35. Kf2 cxd4 36. Bc4+ Kh8 0-1

[Event "*** SCC Grand Prix: Titled Tuesday Blitz"]
[Site "Chess.com"]
[Date "2020.08.04"]
[Round "1"]
[White "Karateloru"]
[Black "MF1966Idrisov"]
[Result "0-1"]
[WhiteElo "2649"]
[BlackElo "2324"]
[TimeControl "180+1"]
[EndTime "13:52:08 PDT"]
[Termination "MF1966Idrisov won on time"]

1. Nf3 d5 2. g3 c6 3. Bg2 Nf6 4. O-O Bf5 5. b3 e6 6. Bb2 Be7 7. h3 h6 8. d3 O-O 9. Nbd2 a5 10. c4 b5 11. cxb5 cxb5 12. Nd4 Qb6 13. Nxf5 exf5 14. Rc1 Nbd7 15. Nf3 Rac8 16. Qd2 b4 17. Nd4 a4 18. Nxf5 Bc5 19. d4 Bd6 20. Qd3 a3 21. Rxc8 Rxc8 22. Bc1 Rc3 23. Qb1 Bf8 24. Bd2 Rc6 25. Rc1 Rxc1+ 26.
Qxc1 g6 27. Nxh6+ Kg7 28. Be3 Bd6 29. Qc8 Qb5 30. Bf3 Bf8 31. Ng4 Nxg4 32. Bxg4 Nf6 33.
Bf3 Bd6 34. h4 Ne4 35. Bxe4 dxe4 36. Bh6+ Kh7 37. Bg5 Qxe2 38. Bf6 Qd1+ 39. Kh2 Bxg3+ 40. Kh3 Qh1+ 41. Kxg3 Qf3+ 42. Kh2 Qxf2+ 43. Kh1 Qxf6 44. Qc4 Qf3+ 45. Kg1 e3 46. Qf1 Qg3+ 47. Qg2 Qxh4 48. d5 Qe1+ 49. Kh2 e2 50. Qh3+ Kg7 0-1

[Event "*** SCC Grand Prix: Titled Tuesday Blitz"]
[Site "Chess.com"]
[Date "2020.08.04"]
[Round "1"]
[White "Martins-BR"]
[Black "AldokhinIvan"]
[Result "0-1"]
[WhiteElo "2200"]
[BlackElo "2553"]
[TimeControl "180+1"]
[EndTime "13:52:09 PDT"]
[Termination "AldokhinIvan won by resignation"]

1. e4 c6 2. d4 d5 3. Nc3 dxe4 4. Nxe4 Nf6 5. Nxf6+ exf6 6. c3 Bd6 7. Bd3 O-O 8. Ne2 Re8 9. Qc2 h6 10. Be3 Nd7 11. O-O-O Nf8 12. h3 Be6 13. Kb1 Bd5 14. Rhg1 Bh2 15. Rh1 Bc7 16. Rhg1 Qe7 17. g4 Be4 18.
Ng3 Bxg3 19. Rxg3 Bxd3 20. Qxd3 Ng6 21. Ka1 Qe4 22. Qd2 Re7 23. a3 Rae8 24. Qc1 Re6 25. Rh1 Ne7 26. h4 Nd5 27. g5 h5 28. gxf6 Rxf6 29. Rhg1 g6 30. Qd1 Qf5 31. Qa4 a6 32. Qb3 b5 33. Qd1 Nxe3 34. fxe3 Kf8 35. Qd2 Qf2 36. Qd3 Rf3 37. Rg5 Rfxe3 0-1

[Event "*** SCC Grand Prix: Titled Tuesday Blitz"]
[Site "Chess.com"]
[Date "2020.08.04"]
[Round "1"]
[White "Lucas_Tomiello"]
[Black "Infernal_XaM"]
[Result "0-1"]
[WhiteElo "2453"]
[BlackElo "2925"]
[TimeControl "180+1"]
[EndTime "13:52:11 PDT"]
[Termination "Infernal_XaM won by resignation"]

1. e4 e5 2. Nf3 Nc6 3. Bb5 f5 4. d3 Nf6 5. O-O d6 6. Nc3 Be7 7. Re1 O-O 8. Bc4+ Kh8 9. Ng5 Qe8 10. Ne6 Bxe6 11. Bxe6 f4 12. f3 Nd4 13. Bh3 g5 14. Ne2 g4 15. fxg4 Ne6 16. Kh1 Qg6 17.
Ng1 Rg8 18. g5 Nxg5 19. Bf5 Qh6 20. Bd2 Nh5 21. Nh3 Raf8 22. Bg4 Nf6 23. Bf5 Qh4 24. Nxg5 Rxg5 25. Qf3 Rfg8 26. Rg1 Rh5 27. Bh3 Ng4 28. Be1 Qg5 29. Rd1 Ne3 30. Rd2 Qh6 31. Bf2 Ng4 32. Be1 Rg6 33. d4 Bf6 34. dxe5 Nxe5 35. Qb3 f3 36. Rf2 fxg2+ 37. Rgxg2 Rxh3 38. Rxg6 hxg6 39. Qxb7 Bg7 40. Qc8+ Kh7 41. Bd2 Qh5 42. Qxc7 Ng4 43. Rg2 Rxh2+ 0-1

[Event "*** SCC Grand Prix: Titled Tuesday Blitz"]
[Site "Chess.com"]
[Date "2020.08.04"]
[Round "1"]
[White "GM_dmitrij"]
[Black "1f3_2g41-0"]
[Result "1-0"]
[WhiteElo "2882"]
[BlackElo "2439"]
[TimeControl "180+1"]
[EndTime "13:52:11 PDT"]
[Termination "GM_dmitrij won by resignation"]

1. e4 c5 2. Nf3 d6 3. d4 cxd4 4. Nxd4 Nf6 5. Nc3 a6 6. Be2 e5 7. Nb3 Be7 8. Be3 O-O 9. Qd3 Be6 10. Nd5 Bxd5 11. exd5 Nbd7 12. O-O b5 13. a4 e4 14. Qd4 bxa4 15. Rxa4 Nc5 16. Ra3 Rc8 17. Na5 Qc7 18. b4 Ncd7 19. c4 Rb8 20. Nc6 Rbe8 21. Rxa6 Nb8 22.
Ra7 Nxc6 23. Rxc7 Nxd4 24. Bxd4 Bd8 25. Rc6 Be7 26. g4 Rb8 27. g5 Nd7 28. Rc7 Rfd8 29. Bg4 Rxb4 30. Bxd7 Bxg5 31. Be3 Bf6 32. Bb5 Be5 33.
f4 exf3 34. Rxf3 Rb2 35. Rf2 Rb3 36. Ba7 f6 37. Ra2 h5 38. Bf2 Rh3 39. Raa7 f5 40.
Bd7 Rf8 41. Be6+ Kh8 42. Bg3 f4 43. Bxh3 fxg3 44. hxg3 Bd4+ 45. Kh1 Bxa7 46. Rxa7 Rf3 47. Kh2 Rc3 48. Bf5 g6 49. Bxg6 Rxc4 50. Bxh5 Rd4 51. Bf3 Rd3 52. Kg2 Kg8 53. Rd7 Rd2+ 54. Kh3 1-0

[Event "*** SCC Grand Prix: Titled Tuesday Blitz"]
[Site "Chess.com"]
[Date "2020.08.04"]
[Round "1"]
[White "BJthechessgod"]
[Black "csati17"]
[Result "0-1"]
[WhiteElo "2250"]
[BlackElo "2581"]
[TimeControl "180+1"]
[EndTime "13:52:14 PDT"]
[Termination "csati17 won by checkmate"]

1. e4 e6 2. d4 d5 3. Nc3 Bb4 4. e5 Ne7 5. a3 Bxc3+ 6. bxc3 b6 7. Nf3 Ba6 8. Bxa6 Nxa6 9. O-O Qd7 10. a4 Nb8 11.
Ba3 Nbc6 12. Qd2 h6 13. Qe2 Na5 14. Nd2 Rc8 15. Rfd1 Qc6 16. Bb4 Nb7 17. Qb5 a5 18. Bxe7 Qxb5 19. axb5 Kxe7 20. c4 Rhd8 21. c3 c6 22.
bxc6 Rxc6 23. cxd5 exd5 24. Rdb1 Kd7 25. Ra3 Kc7 26. f4 g6 27. Kf2 Rc8 28. Ke3 Kb8 29. Kd3 Ka7 30. g4 Ka6 31. f5 Nd8 32. Rab3 a4 33.
Ra3 b5 34. Rb4 Nb7 35. h4 Na5 36. f6 Kb6 37. Kc2 Nb3 38. Nxb3 Rxc3+ 39. Kb2 axb3 40.
Raxb3 Rc2+ 41. Ka3 Ra8+ 42. Ra4 Rxa4# 0-1

[Event "*** SCC Grand Prix: Titled Tuesday Blitz"]
[Site "Chess.com"]
[Date "2020.08.04"]
[Round "1"]
[White "elcandado"]
[Black "Kaua18"]
[Result "1-0"]
[WhiteElo "2626"]
[BlackElo "2285"]
[TimeControl "180+1"]
[EndTime "13:52:15 PDT"]
[Termination "elcandado won on time"]

1. d4 Nf6 2. Bf4 b6 3. e3 Bb7 4. Nd2 e6 5. Ngf3 d5 6. Bd3 Nbd7 7. Qe2 Ne4 8. Ba6 Qc8 9. Bxb7 Qxb7 10. Nxe4 dxe4 11.
Ne5 Nxe5 12. Bxe5 O-O-O 13. O-O f6 14. Bg3 h5 15. h3 g5 16. a4 a5 17. c3 f5 18. Be5 Rg8 19. Rfb1 g4 20. h4 g3 21. Bxg3 Rg4 22. b4 Qa8 23. Qc4 Bd6 24.
Qxe6+ Kb7 25. Qd5+ c6 26. Qf7+ Kc8 27. Qxf5+ Kc7 28. Bxd6+ Rxd6 29. bxa5 bxa5 30. Ra2 Rd5 31. Qf7+ Rd7 32. Qe6 Rdg7 33. Qe5+ Kd7 34. g3 R4g6 35. Rab2 1-0

[Event "*** SCC Grand Prix: Titled Tuesday Blitz"]
[Site "Chess.com"]
[Date "2020.08.04"]
[Round "1"]
[White "rududuyk"]
[Black "RitvarsReimanis"]
[Result "0-1"]
[WhiteElo "2079"]
[BlackElo "2511"]
[TimeControl "180+1"]
[EndTime "13:52:16 PDT"]
[Termination "RitvarsReimanis won by checkmate"]

1. e4 e5 2. Nf3 Nc6 3. Nc3 Nf6 4. d4 exd4 5. Nd5 Be7 6. Nxd4 Nxe4 7. Nf5 Bf6 8. Bd3 Nd6 9. Nxd6+ cxd6 10. Qe2+ Kf8 11.
O-O b6 12. Re1 Bb7 13. c3 Ne5 14. Ne3 Qc7 15. Nf5 Qc6 16. f3 Re8 17. Bf4 g5 18. Bg3 h5 19. Be4 d5 20. Nd4 Qc4 21. Qxc4 Nxc4 22. Bf5 Re6 23. Bxe6 dxe6 24. b3 Na5 25. Be5 Kg7 26. Bxf6+ Kxf6 27. Re2 Rc8 28. Re3 h4 29. Rae1 Ba6 30. Kf2 Nb7 31. g3 hxg3+ 32. hxg3 Nd6 33.
f4 gxf4 34. gxf4 Ne4+ 35. Kf3 Nd2+ 36. Kg2 Ne4 37. Kf3 Rg8 38. Rh1 Rg3# 0-1

[Event "*** SCC Grand Prix: Titled Tuesday Blitz"]
[Site "Chess.com"]
[Date "2020.08.04"]
[Round "1"]
[White "Shota_Azaladze"]
[Black "Chuchofrio1"]
[Result "1/2-1/2"]
[WhiteElo "2683"]
[BlackElo "2336"]
[TimeControl "180+1"]
[EndTime "13:52:17 PDT"]
[Termination "Game drawn by stalemate"]

1. Nf3 f5 2. g3 Nf6 3. Bg2 d6 4. d4 g6 5. O-O Bg7 6. c4 O-O 7. Nc3 Nc6 8. d5 Ne5 9. Nxe5 dxe5 10. b3 e4 11. Bb2 e6 12. Qd2 a6 13. Rfd1 exd5 14. cxd5 Bd7 15. Rac1 h6 16. Na4 g5 17. Nc5 b6 18. Ne6 Bxe6 19. dxe6 Qe7 20. Rc6 Rad8 21.
Qc1 Rxd1+ 22. Qxd1 Rd8 23. Qc2 Ne8 24. Bc1 Rd6 25.
g4 Qxe6 26. Rxd6 Nxd6 27. gxf5 Qxf5 28. Qxc7 Be5 29. Qxb6 a5 30. Be3 Bf4 31. Qc5 Bxe3 32. Qxf5 Nxf5 33. Bxe4 Bc5 34. Bxf5 Kf7 35. Kg2 Kf6 36.
Bd7 Ke5 37. e3 Ke4 38. Bb5 Kf5 39. h3 h5 40. Be2 h4 41. Kf3 Bd6 42. Bd3+ Kf6 43.
Kg4 Be5 44. a3 Bd6 45. a4 Bc5 46. Bc2 Bb6 47. Kf3 Ke5 48. Kg4 Kf6 49. b4 axb4 50. f4 Bxe3 51. fxg5+ Bxg5 52. a5 Be3 53. Kxh4 Kg7 54.
Kg4 Kh8 55. Bb3 Ba7 56. Kg5 Bg1 57. a6 Ba7 58. Bc2 Bg1 59. Kf6 Ba7 60. Ke6 Bg1 61. Kd6 Ba7 62. Kc6 b3 63. Bxb3 Bg1 64. Kb7 Bf2 65.
a7 Bxa7 66. Kxa7 Kg7 67. Kb6 Kh8 68. Kc5 Kg7 69. Kd6 Kh8 70. Ke7 Kg7 71. Ke6 Kh8 72. Kf6 Kh7 73. h4 Kh8 74. Bc2 Kg8 75. Kg6 Kh8 76. h5 Kg8 77. Kh6 Kh8 78. Bh7 1/2-1/2

[Event "*** SCC Grand Prix: Titled Tuesday Blitz"]
[Site "Chess.com"]
[Date "2020.08.04"]
[Round "1"]
[White "gisela_roque"]
[Black "ChainsOfFantasia"]
[Result "0-1"]
[WhiteElo "1855"]
[BlackElo "2485"]
[TimeControl "180+1"]
[EndTime "13:52:17 PDT"]
[Termination "ChainsOfFantasia won on time"]

1. c4 Nf6 2. Nf3 e6 3. g3 d5 4. b3 Be7 5. Bb2 O-O 6. Bg2 c5 7. O-O d4 8. e3 Nc6 9. Na3 e5 10.
Nc2 d3 11. Nce1 Bd6 12. Ng5 Bc7 13. Qb1 Bf5 14. e4 Bg6 15. Qxd3 Qxd3 16. Nxd3 Rad8 17. Nxc5 Rxd2 18. Bc3 Rc2 19. Rfc1 Rxc1+ 20. Rxc1 b6 21. Na6 Bd8 22. Nb4 Nxb4 23. Bxb4 Re8 24. f3 Nd7 25. Rd1 Bxg5 26. Rxd7 a5 27. Bc3 h5 28. Kf2 Be7 29. Bf1 Bc5+ 30. Ke2 h4 31. g4 f6 32. Bb2 Rc8 33.
Kd3 Be8 0-1

[Event "*** SCC Grand Prix: Titled Tuesday Blitz"]
[Site "Chess.com"]
[Date "2020.08.04"]
[Round "1"]
[White "shnitez"]
[Black "ailime26"]
[Result "1-0"]
[WhiteElo "2489"]
[BlackElo "1879"]
[TimeControl "180+1"]
[EndTime "13:52:22 PDT"]
[Termination "shnitez won on time"]

1. c4 c5 2. Nf3 Nf6 3. Nc3 Nc6 4. d4 e6 5. d5 exd5 6. cxd5 Nb4 7. a3 Na6 8. e4 d6 9. Bd3 Be7 10. O-O O-O 11. h3 Nc7 12. Re1 a6 13. a4 Bd7 14. a5 Nb5 15. Bf4 b6 16. e5 dxe5 17. Bxe5 Bd6 18. Bxb5 Bxb5 19. Bxf6 Qxf6 20. axb6 Rab8 21. Nxb5 axb5 22. Ra6 c4 23. Qd4 Qg6 24. g3 h5 25. Kg2 Rfd8 26. Ra5 Bf8 27. Rxb5 Rd6 28.
Qxc4 Rdxb6 29. Rxb6 Rxb6 30. b4 Qd6 31. b5 Qb8 32. Nd4 Bd6 33. h4 g6 34. Nc6 Qb7 35.
Nd8 Qd7 36. Nc6 Rb7 37. Re4 Kg7 38. Qd4+ 1-0

[Event "*** SCC Grand Prix: Titled Tuesday Blitz"]
[Site "Chess.com"]
[Date "2020.08.04"]
[Round "1"]
[White "Donskov_AN"]
[Black "praveenb2002"]
[Result "0-1"]
[WhiteElo "2389"]
[BlackElo "2779"]
[TimeControl "180+1"]
[EndTime "13:52:26 PDT"]
[Termination "praveenb2002 won on time"]

1. e4 c5 2. Nf3 d6 3. d4 cxd4 4. Nxd4 Nf6 5. Nc3 Nc6 6. Bc4 e6 7. Be3 Be7 8. Qe2 a6 9. O-O-O Qc7 10. Bb3 Na5 11. g4 b5 12. g5 Nxb3+ 13.
axb3 Nd7 14. f4 b4 15. Na4 Nc5 16. Nxc5 dxc5 17. Nf3 a5 18. Ne5 O-O 19. Qb5 Bxg5 20. Rhg1 Bh6 21. Ng4 Bxf4 22. Bxf4 Qxf4+ 23. Kb1 e5 24. Rdf1 Qd2 25. Nf6+ Kh8 26. Qxc5 Ba6 27. Qxe5 Bxf1 28.
Rxf1 Qg2 29. Qf4 gxf6 30. Rf3 Rg8 31. Qxf6+ Qg7 32. Qe7 Rae8 33. Qc7 Rxe4 34. Qxa5 Rg4 35. Ka2 Rg6 36. Rf4 Rf6 37. Rxb4 Qg6 38. Ra4 h6 39. Qc3 Kh7 40. Ra7 Rc6 0-1

[Event "*** SCC Grand Prix: Titled Tuesday Blitz"]
[Site "Chess.com"]
[Date "2020.08.04"]
[Round "1"]
[White "Roza_Idrisova"]
[Black "frederiksvane"]
[Result "0-1"]
[WhiteElo "2238"]
[BlackElo "2568"]
[TimeControl "180+1"]
[EndTime "13:52:26 PDT"]
[Termination "frederiksvane won by resignation"]

1. d4 Nf6 2. Nf3 e6 3. Bg5 Be7 4. Nbd2 O-O 5. e4 d5 6. e5 Ne4 7. Bxe7 Qxe7 8. Bd3 Nxd2 9. Qxd2 c5 10. c3 Nc6 11. O-O Bd7 12. a3 a5 13. Rfd1 Rfc8 14. Bc2 cxd4 15. cxd4 a4 16. Qd3 g6 17. Rac1 Na5 18. Qe3 Nc4 19. Qh6 Qf8 20. Qxf8+ Kxf8 21. Rb1 Rc7 22. Bd3 Na5 23. Rbc1 Rac8 24. Rxc7 Rxc7 25. Kf1 Rc6 26. Ke1 Rb6 27. Rd2 Bb5 28. Bxb5 Rxb5 29. Rc2 Nc4 30. Nd2 Rxb2 31. Rxb2 Nxb2 32. f4 Ke7 33. Nb1 Nd3+ 34. Kd2 Nxf4 35. g3 Nh3 36.
Nc3 Ng5 37. Ke3 Kd7 38. Nxa4 Ne4 39. Nb2 Kc6 40. h4 h5 41. Kf4 Kb5 42. g4 hxg4 43.
Kxg4 Ka5 44. h5 gxh5+ 45. Kxh5 b5 46. Kh6 b4 47. axb4+ Kxb4 48. Kg7 Kc3 49. Na4+ Kxd4 50. Kxf7 Kxe5 51. Nb6 Nc5 52. Ke7 d4 53. Nc4+ Kd5 54. Nd2 Ne4 55. Nf3 d3 56. Kd7 d2 57. Nxd2 Nxd2 0-1

[Event "*** SCC Grand Prix: Titled Tuesday Blitz"]
[Site "Chess.com"]
[Date "2020.08.04"]
[Round "1"]
[White "GukeshDommaraju"]
[Black "Nara_Kh"]
[Result "0-1"]
[WhiteElo "2660"]
[BlackElo "2329"]
[TimeControl "180+1"]
[EndTime "13:52:28 PDT"]
[Termination "Nara_Kh won by checkmate"]

1. d4 d5 2. c4 c6 3. Nf3 Nf6 4. e3 Bf5 5. Nc3 a6 6. Bd3 Bxd3 7.
Qxd3 e6 8. O-O Bb4 9. Bd2 O-O 10. cxd5 cxd5 11. Na4 Bxd2 12. Nxd2 Nc6 13. a3 e5 14.
dxe5 Nxe5 15. Qb3 Qd6 16. Rac1 b5 17. Nc5 Rfc8 18. Nd3 Nc4 19. Nf3 Ne4 20. Rfd1 Rd8 21. Nf4 Qf6 22. Rd4 Qf5 23. Rcd1 Nb6 24. Nxd5 Rxd5 25.
Rxd5 Nxd5 26. Qxd5 Qxd5 27. Rxd5 Rc8 28. h3 h6 29. Nd4 Rc1+ 30. Kh2 Nxf2 31. Rd6 Rh1+ 32. Kg3 Ne4+ 33. Kf4 Nxd6 34. b3 Rf1+ 35. Ke5 Ne8 36.
Kd5 Nf6+ 37. Kc6 Re1 38. Kb6 Rxe3 39. Kxa6 Rd3 40. Nxb5 Rxb3 41. a4 Nd5 42. Nd4 Rb4 43.
Nc6 Rxa4+ 44. Kb5 Ra2 45. Kc4 Nf4 46. Kb3 Rxg2 47. Ne5 Nxh3 48. Kc4 f5 49. Nd3 g5 50. Nf4 Nxf4 51. Kd4 h5 52. Ke5 h4 53. Kxf5 h3 54. Kf6 h2 55. Ke7 h1=Q 56. Kf6 Qh6+ 57. Ke7 Qg7+ 58. Kd8 Rd2+ 59. Kc8 Qd7+ 60. Kb8 Rb2+ 61.
Ka8 Qb7# 0-1

[Event "*** SCC Grand Prix: Titled Tuesday Blitz"]
[Site "Chess.com"]
[Date "2020.08.04"]
[Round "1"]
[White "Oneofmyturns"]
[Black "Zarikovs1999"]
[Result "1-0"]
[WhiteElo "2743"]
[BlackElo "2366"]
[TimeControl "180+1"]
[EndTime "13:52:29 PDT"]
[Termination "Oneofmyturns won on time"]

1. d4 Nf6 2. c4 e6 3. Nc3 Bb4 4. Qc2 d5 5. cxd5 exd5 6. Bg5 h6 7. Bh4 c5 8. dxc5 O-O 9. e3 Be6 10. Nf3 Nbd7 11. Bd3 Nxc5 12. O-O Rc8 13. Rac1 g5 14. Bg3 Nfe4 15. Be5 Bf5 16. Nd4 Bxc3 17. bxc3 Bg6 18. Bxe4 Bxe4 19. Qe2 Bd3 20. Qh5 Kh7 21. Rfd1 Bg6 22.
Qe2 Qe8 23. Bg3 f5 24. Be5 Qxe5 25. Qb5 b6 26. a4 Ne4 27. Qb2 Rc4 28. a5 Rfc8 29.
axb6 axb6 30. Qxb6 Nxc3 31. Re1 Ne4 32. Ra1 Qc7 33.
Qe6 Qf7 34. Qb6 Qf6 35. Ra7+ Kg8 36. Qb7 Qf7 37. Qa6 Qf6 38. Qb5 R4c7 39. Ra6 1-0

[Event "*** SCC Grand Prix: Titled Tuesday Blitz"]
[Site "Chess.com"]
[Date "2020.08.04"]
[Round "1"]
[White "VitaliyBernadskiy"]
[Black "Grandmaster2B"]
[Result "1-0"]
[WhiteElo "2756"]
[BlackElo "2381"]
[TimeControl "180+1"]
[EndTime "13:52:30 PDT"]
[Termination "VitaliyBernadskiy won by checkmate"]

1. d4 Nf6 2. c4 e6 3. Nf3 b6 4. e3 Bb7 5. Bd3 c5 6. O-O Be7 7. b3 O-O 8. Bb2 d5 9. cxd5 Nxd5 10.
Nc3 cxd4 11. Nxd4 Nd7 12. Nxd5 Bxd5 13. Rc1 Nc5 14. Bb1 Rc8 15. Qh5 g6 16. Qe2 Qd7 17.
Rfd1 Qb7 18. f3 e5 19. Nb5 f6 20. Nxa7 Bxf3 21. gxf3 Qxa7 22. h4 Qa6 23. Qg2 Rcd8 24. h5 g5 25. Bf5 Nd3 26. Rxd3 Rxd3 27. Qe2 Rfd8 28. Bd4 Rc3 29. Qxa6 Rxc1+ 30. Kg2 exd4 31. Qb7 Kf8 32. exd4 Rd1 33. Bxh7 R1xd4 34. Bg6 Rd2+ 35. Kh3 R2d7 36. Qe4 Rd4 37. Qe6 Rh4+ 38. Kg3 Bd6+ 39. Kg2 Rh2+ 40. Kg1 Kg7 41. Qf7+ Kh6 42. Qh7# 1-0

[Event "*** SCC Grand Prix: Titled Tuesday Blitz"]
[Site "Chess.com"]
[Date "2020.08.04"]
[Round "1"]
[White "KuzubovYuriy"]
[Black "boasovietica"]
[Result "1-0"]
[WhiteElo "2839"]
[BlackElo "2418"]
[TimeControl "180+1"]
[EndTime "13:52:31 PDT"]
[Termination "KuzubovYuriy won on time"]

1. d4 Nf6 2. c4 g6 3. Nc3 Bg7 4. e4 O-O 5. Be2 d6 6. Bg5 c5 7. d5 e6 8. Qd2 exd5 9. cxd5 a6 10. a4 Re8 11. f3 Nbd7 12. Nh3 Qc7 13. Nf2 Rb8 14. O-O c4 15. Rac1 b5 16. axb5 axb5 17. b4 h5 18. Ra1 Nh7 19. Be3 Ne5 20. Bd4 Bd7 21. f4 Nd3 22. Bxg7 Nxf2 23. Qd4 Nd3 24.
Ra7 Rb7 25. Rxb7 Qxb7 26. Bxd3 cxd3 27. Bh8 f6 28. Bxf6 Kf7 29. Bh4 Rc8 30. Qxd3 Qc7 31.
Ne2 Qc4 32. Qxc4 Rxc4 33. e5 Bg4 34. Ng3 Rxb4 35. e6+ Ke8 36. Rc1 Rc4 37. Rxc4 bxc4 38. Ne4 g5 39. fxg5 c3 40. Nxc3 1-0

[Event "*** SCC Grand Prix: Titled Tuesday Blitz"]
[Site "Chess.com"]
[Date "2020.08.04"]
[Round "1"]
[White "tan275"]
[Black "manitodeplomo"]
[Result "1-0"]
[WhiteElo "2240"]
[BlackElo "2547"]
[TimeControl "180+1"]
[EndTime "13:52:35 PDT"]
[Termination "tan275 won by resignation"]

1. d4 Nf6 2. c4 e6 3. g3 d5 4.
Nf3 Be7 5. Bg2 O-O 6. Nc3 dxc4 7. O-O Nc6 8. Qa4 Nxd4 9. Qxc4 Nxf3+ 10. Bxf3 c6 11.
Bf4 Nd5 12. Rfd1 Qa5 13. Bd2 Qc5 14. Qb3 Qb6 15. e4 Nf6 16. Be3 Qxb3 17. axb3 Rd8 18. Rxd8+ Bxd8 19. Rxa7 Rxa7 20. Bxa7 Nd7 21. Be3 Bb6 22.
Bxb6 Nxb6 23. Kf1 Nd7 24. Be2 b5 25. f4 Nc5 26. b4 Nb3 27. e5 Nd4 28. Bd3 Bb7 29.
Kf2 Nb3 30. Be4 Kf8 31. Nxb5 Ba6 32. Nd6 Nd4 33. Ke3 Nb5 34. Bxc6 Nxd6 35. exd6 Bc4 36.
b5 Bd5 37. Bxd5 exd5 38. Kd4 Ke8 39. Kxd5 Kd7 40. b6 f6 41. b7 1-0